AoeStats
← tilmanv

Arena

508287196Analyzed
4v4 RM · 11d ago on Sep 21, 2026· 50m 49s· 8 players
Game mode
Random Map
Map size
Large (8 player)
Population
200
Speed
Normal
Resources
Standard
Victory
Conquest
Starting age
Dark Age
Ending age
Imperial Age
RankedLock teamsTeams togetherTeam positionsShared explorationLock speedFull tech treeHidden civsTurbo modeCheats
Victory
Defeat
🇺🇸 Britons · United States
1106
+13
🇳🇱 Bohemians · Netherlands
1089
+13
🇩🇪 Teutons · Germany
1081
+13
🇮🇹 Goths · Italy
1076
+14
🇪🇸 Franks · Spain
1047
-14
🇳🇱 Bohemians · Netherlands
1033
-13
🇫🇷 Britons · France
1030
-13
🇳🇱 Italians · Netherlands
1013
-13
CORMOUTE
8:20 Loom
10:22 Feudal Age
11:21 Double-Bit Axe
11:19 Horse Collar
18:09 Castle Age
16:24 Fletching
17:17 Gold Mining
18:22 Crossbowman
19:46 Bow Saw
21:47 Wheelbarrow
23:37 Heavy Plow
26:12 Hand Cart
31:06 Imperial Age
28:57 Town Watch
30:09 Town Patrol
30:30 Bodkin Arrow
30:37 Padded Archer Armor
32:07 Siege Engineers
34:15 Two-Man Saw
34:21 Conscription
34:06 Bracer
35:31 Yeomen
34:54 Arbalester
36:54 Ballistics
Bzurker
5:03 Loom
11:02 Feudal Age
16:49 Castle Age
16:14 Padded Archer Armor
19:34 Double-Bit Axe
19:37 Horse Collar
25:27 Elite Skirmisher
26:01 Fletching
26:32 Bow Saw
26:26 Heavy Plow
28:19 Wheelbarrow
29:19 Pikeman
30:00 Squires
31:11 Leather Archer Armor
30:52 Bodkin Arrow
31:08 Forging
30:58 Scale Mail Armor
33:43 Imperial Age
32:11 Ballistics
31:41 Arson
33:32 Chemistry
32:14 Treadmill Crane
32:44 Masonry
32:55 Hand Cart
33:59 Iron Casting
34:04 Houfnice
35:12 Halberdier
36:24 Conscription
39:23 Siege Engineers
41:39 Two-Man Saw
46:06 Wagenburg Tactics
48:00 Ring Archer Armor
47:30 Bracer
48:31 Blast Furnace
47:46 Chain Mail Armor
MIKELROSSI
10:30 Feudal Age
12:32 Loom
14:51 Castle Age
13:09 Double-Bit Axe
19:15 Town Watch
19:19 Loom
20:01 Bow Saw
20:22 Gold Mining
21:28 Wheelbarrow
22:46 Hand Cart
23:22 Town Patrol
24:43 Gold Shaft Mining
27:10 Husbandry
27:33 Stone Mining
28:00 Scale Mail Armor
28:05 Scale Barding Armor
31:39 Imperial Age
29:27 Chain Mail Armor
29:23 Forging
30:17 Murder Holes
30:44 Ballistics
30:36 Masonry
30:49 Chain Barding Armor
32:37 Iron Casting
31:53 Cavalier
33:24 Plate Barding Armor
33:19 Plate Mail Armor
34:13 Conscription
33:53 Chivalry
33:17 Paladin
35:01 Blast Furnace
35:38 Architecture
35:20 Siege Engineers
38:22 Fletching
38:33 Padded Archer Armor
40:10 Bodkin Arrow
43:16 Leather Archer Armor
45:42 Arson
46:00 Squires
46:06 Squires
45:37 Elite Skirmisher
45:47 Pikeman
Pepernoot
10:16 Feudal Age
14:41 Castle Age
12:49 Horse Collar
12:57 Double-Bit Axe
17:19 Bow Saw
22:03 Heavy Plow
24:00 Wheelbarrow
26:44 Hand Cart
26:18 Loom
26:46 Padded Archer Armor
27:31 Gold Mining
30:16 Imperial Age
28:10 Ballistics
28:49 Leather Archer Armor
28:45 Thumb Ring
28:51 Treadmill Crane
29:22 Masonry
29:08 Stone Mining
29:46 Elite Skirmisher
31:48 Ring Archer Armor
32:22 Chemistry
31:53 Architecture
32:42 Two-Man Saw
32:18 Crop Rotation
31:52 Fletching
33:48 Conscription
33:38 Pirotechnia
33:27 Bodkin Arrow
33:32 Murder Holes
34:15 Bracer
35:44 Forging
35:35 Scale Mail Armor
37:13 Stone Shaft Mining
36:29 Elite Genoese Crossbowman
37:16 Town Watch
43:20 Fortified Wall
tilmanv
12:21 Feudal Age
13:32 Double-Bit Axe
14:36 Wheelbarrow
16:57 Castle Age
16:00 Gold Mining
16:01 Stone Mining
17:27 Horse Collar
18:27 Hand Cart
18:40 Bow Saw
21:58 Loom
29:44 Imperial Age
27:24 Heavy Plow
29:59 Forging
30:32 Bloodlines
30:30 Town Watch
31:17 Crop Rotation
30:11 Cavalier
31:53 Iron Casting
31:24 Scale Barding Armor
33:09 Two-Man Saw
31:33 Paladin
34:24 Blast Furnace
33:46 Chain Barding Armor
35:03 Plate Barding Armor
36:40 Caravan
37:11 Coinage
36:52 Guilds
36:52 Pikeman
37:33 Squires
37:19 Arson
39:32 Conscription
44:54 Scale Mail Armor
46:47 Chain Mail Armor
47:28 Hoardings
50:11 Plate Mail Armor
fabio07deluca
11:00 Feudal Age
15:45 Castle Age
13:43 Horse Collar
14:11 Double-Bit Axe
20:14 Heavy Plow
20:36 Bow Saw
21:11 Loom
22:35 Wheelbarrow
24:35 Hand Cart
24:26 Stone Mining
24:29 Gold Mining
27:19 Stone Shaft Mining
32:42 Imperial Age
30:00 Town Watch
30:30 Masonry
30:49 Scale Mail Armor
31:00 Forging
31:45 Chain Mail Armor
31:28 Murder Holes
31:55 Ballistics
31:41 Town Patrol
33:34 Iron Casting
33:11 Anarchy
33:38 Perfusion
33:00 Elite Huskarl
34:01 Conscription
33:28 Pikeman
34:08 Squires
33:34 Man-at-Arms
35:48 Two-Man Saw
35:25 Crop Rotation
34:29 Halberdier
36:26 Blast Furnace
35:44 Guilds
36:39 Fletching
37:14 Capped Ram
38:15 Bodkin Arrow
38:29 Long Swordsman
39:24 Two-Handed Swordsman
40:15 Champion
46:05 Bracer
Serthirius
10:56 Feudal Age
14:47 Castle Age
13:17 Double-Bit Axe
13:42 Horse Collar
18:02 Loom
22:18 Wheelbarrow
23:38 Hand Cart
24:33 Bow Saw
24:43 Heavy Plow
29:00 Chemistry
30:37 Imperial Age
29:59 Town Watch
30:10 Fletching
30:20 Padded Archer Armor
30:31 Forging
30:58 Wagenburg Tactics
30:20 Pikeman
31:01 Squires
31:07 Halberdier
32:50 Conscription
32:36 Arson
32:17 Houfnice
34:40 Fortified Wall
34:42 Masonry
35:24 Iron Casting
34:45 Bodkin Arrow
37:19 Scale Barding Armor
38:15 Blast Furnace
37:16 Bracer
37:50 Architecture
42:00 Scale Mail Armor
42:21 Chain Barding Armor
42:17 Leather Archer Armor
43:46 Elite Hussite Wagon
48:44 Siege Engineers
48:36 Murder Holes
49:03 Ballistics
49:05 Bombard Tower
48:34 Arrowslits
48:33 Treadmill Crane
49:40 Hussite Reforms
obi1nekinobi
3:11 Loom
11:41 Feudal Age
16:05 Castle Age
14:24 Double-Bit Axe
15:43 Horse Collar
16:19 Stone Mining
17:23 Bow Saw
17:16 Heavy Plow
23:24 Wheelbarrow
24:46 Gold Mining
25:36 Hand Cart
27:03 Fletching
27:35 Town Watch
27:48 Bodkin Arrow
27:54 Padded Archer Armor
28:20 Ballistics
30:18 Gold Shaft Mining
29:30 Treadmill Crane
30:03 Masonry
30:11 Fortified Wall
33:25 Imperial Age
31:50 Leather Archer Armor
33:30 Elite Longbowman
34:34 Conscription
34:18 Bracer
34:49 Ring Archer Armor
35:22 Chemistry
36:19 Light Cavalry
37:07 Cavalier
38:24 Husbandry
38:31 Scale Barding Armor
38:37 Forging
39:36 Yeomen
39:18 Warwolf
39:41 Chain Barding Armor
41:34 Hoardings
Connection lost

Rejoining the realm…

Still unreachable

The connection could not be restored.

Session expired

The server has moved on; the page needs a fresh start.